 Dungeon Crawl Stone Soup version 0.19-a0-526-gbe2e51c (webtiles) character file.

10238 Kidiri the Thaumaturge (level 11, -1/60 HPs)
             Began as a Deep Elf Fire Elementalist on June 7, 2016.
             Was a Priest of Vehumet.
             Slain by a giant frog (5 damage)
             ... on level 10 of the Dungeon.
             The game lasted 01:17:37 (12712 turns).

Kidiri the Thaumaturge (DEFE)                      Turns: 12712, Time: 01:17:38

Health: -1/60      AC: 16    Str:  3    XL:     11   Next: 33%
Magic:  8/27       EV: 14    Int: 24    God:    Vehumet [***...]
Gold:   730        SH:  4    Dex: 10    Spells: 9 memorised, 1 level left

rFire  + . .     SeeInvis .     K - +1 rapier (elec)
rCold  . . .     Gourm    .     B - -1 robe (curse)
rNeg   . . .     Faith    .     I - +0 buckler
rPois  .         Spirit   .     h - +0 hat
rElec  .         Dismiss  .     (no cloak)
rCorr  .         Reflect  .     (no gloves)
SustAt .         Harm     .     f - +1 pair of boots
MR     +....     Rnd*Tele +     F - amulet of magic regeneration
Stlth  ++........               g - +5 ring of protection
                                p - +2 ring of protection

@: somewhat resistant to hostile enchantments, unstealthy
A: beak, hooves 1, rough black scales 1, thin metallic scales 1, clumsy 2, fire
resistance 1, sense surroundings 1, teleportitis 1, weak 1, no device heal 1
a: Renounce Religion


You were on level 10 of the Dungeon.
You worshipped Vehumet.
Vehumet was most pleased with you.
You were hungry.

You visited 2 branches of the dungeon, and saw 11 of its levels.
You also visited: Sewer.

You collected 730 gold pieces.

Inventory:

Hand Weapons
 l - the +14 plutonium sword {*Contam Stlth-}
   (You found it on level 7 of the Dungeon)

   It causes magical contamination when unequipped.
   It makes you less stealthy.
 K - a +1 rapier of electrocution (weapon)
Armour
 a - a +0 robe
 f - a +1 pair of boots (worn)
 h - a +0 hat (worn)
 B - a cursed -1 robe (worn)
 D - a +0 large shield
 I - a +0 buckler (worn)
Jewellery
 g - a +5 ring of protection (right hand)
 p - a +2 ring of protection (left hand)
 q - a +2 ring of strength
 w - an uncursed ring of flight
 A - an uncursed ring of see invisible
 F - an amulet of magic regeneration (around neck)
 J - an uncursed ring of protection from cold
 L - an uncursed ring of positive energy
Wands
 i - a wand of lightning (4/15)
 s - a wand of paralysis (14/24)
 E - a wand of flame (47/48)
 G - a wand of confusion (29/48)
 H - a wand of polymorph (8/24)
Scrolls
 d - 5 scrolls of teleportation
 m - 3 scrolls of immolation
 r - 3 scrolls of blinking
 y - 2 scrolls of remove curse
 C - a scroll of magic mapping
Potions
 e - 2 potions of cancellation
 j - 3 potions of invisibility
 n - 4 potions of curing
 o - a potion of haste
 t - 2 potions of ambrosia
 v - 3 potions of brilliance
 x - 5 potions of flight
 z - 2 potions of might
Books
 b - a book of Flames

   Spells                             Type                      Level
   a - Flame Tongue                   Conjuration/Fire             1
   b - Throw Flame                    Conjuration/Fire             2
   c - Conjure Flame                  Conjuration/Fire             3
   d - Inner Flame                    Hexes/Fire                   3
   e - Sticky Flame                   Conjuration/Fire             4
   f - Fireball                       Conjuration/Fire             5
 u - a book of Power

   Spells                             Type                      Level
   a - Fulminant Prism                Conjuration/Hexes            4
   b - Iskenderun's Mystic Blast      Conjuration                  4
   c - Venom Bolt                     Conjuration/Poison           5
   d - Bolt of Magma                  Conjuration/Fire/Earth       5
   e - Iron Shot                      Conjuration/Earth            6
   f - Orb of Destruction             Conjuration                  7
   g - Spellforged Servitor           Conjuration/Summoning        7
Comestibles
 c - 6 bread rations
 k - 9 royal jellies


   Skills:
 + Level 3.7 Fighting
 + Level 4.7 Short Blades
 + Level 3.5 Armour
 + Level 5.9 Dodging
 - Level 2.4 Stealth
 + Level 2.1 Shields
 * Level 10.9 Spellcasting
 * Level 8.6 Conjurations
 * Level 9.8 Fire Magic
 + Level 2.9 Earth Magic
 + Level 4.6 Evocations


You had one spell level left.
You knew the following spells:

 Your Spells              Type           Power        Failure   Level  Hunger
a - Flame Tongue          Conj/Fire      #####        1%          1    None
b - Throw Flame           Conj/Fire      ######       1%          2    None
c - Conjure Flame         Conj/Fire      ######..     1%          3    None
d - Inner Flame           Hex/Fire       #####...     1%          3    None
e - Sticky Flame          Conj/Fire      ######..     1%          4    None
f - Fireball              Conj/Fire      ######....   1%          5    ####...
g - Stone Arrow           Conj/Erth      #####.       1%          3    None
h - Ignite Poison         Fire/Tmut/Pois ####....     1%          3    None
i - Bolt of Fire          Conj/Fire      ######....   7%          6    #####..


Dungeon Overview and Level Annotations

Branches:
Dungeon (10/15)            Temple (1/1) D:6             Orc (0/2) D:9
   Lair: D:8-11

Altars:
Ashenzari
Cheibriados
Dithmenos
Elyvilon
Fedhas
Gozag
Hepliaklqana
Kikubaaqudgha
Makhleb
Nemelex Xobeh
Okawaru
Pakellas
Qazlal
Ru
Sif Muna
Trog
Uskayaw
Vehumet
Xom
Yredelemnul
Zin
The Shining One

Shops:
D:5 [


Innate Abilities, Weirdness & Mutations

You have a beak for a mouth.
You have large cloven feet.
You are partially covered in rough black scales. (AC +4, Dex -1)
You are partially covered in thin metallic scales. (AC +2)
You are very clumsy. (Dex -4)
Your flesh is heat resistant. (rF+)
You passively map a small area around you.
You are occasionally teleported next to monsters.
You are weak. (Str -2)
Potions and wands are less effective at restoring your health.


Message History

Aim: Erolcha, wielding a giant club and wearing a runed robe (almost dead, slightly transparent, covered in liquid flames)
The flame tongue hits Erolcha.
Erolcha appears unharmed.
Erolcha is almost dead.
Erolcha burns!
Erolcha gestures at you while chanting. The orb of energy hits you!
* * * LOW HITPOINT WARNING * * *
The orb of energy explodes!
Casting: Flame Tongue
Confirm with . or Enter, or press ? or * to list all spells.
Aiming: Sticky Flame
Press: ? - help, Shift-Dir - straight line, f/p - Erolcha
Aim: Erolcha, wielding a giant club and wearing a runed robe (almost dead, slightly transparent, covered in liquid flames)
The sticky flame hits Erolcha.
Erolcha is almost dead.
Erolcha is covered in liquid flames!
Erolcha burns!
You kill Erolcha!
Vehumet accepts your kill.
You feel your power returning. The giant frog hits you.
You die...

# #...., *,, *
,.$*#...,, ,
#..##..##### ####
,
#...?.....#....#,
* , *
.##........#....#
,
...........'....#
, , .##.......Y#
, *,, ,
#....####F#####
** ,#..##.
,,#@....# , * ,
..* .,, #.....# ,
*, , #, ..
#.....#, ,, , ..
* ####..#####,
##. ,
#......#####+## *
*,,
,#......#...#...
* , ,
#......#...#... ,
######.#.#+#... ,
, #.........


You could see a sky beast and a giant frog.

Vanquished Creatures
  The ghost of simok the Cleaver, a journeyman FoMo of Ru (D:9)
  Erolcha (D:10)
  A hill giant (D:8)
  Pikel (D:4)
  A queen bee (D:8)
  A troll (D:9)
  Prince Ribbit (D:5)
  A slime creature (D:9)
  Eustachio (D:5)
  A hippogriff (D:8)
  A hungry ghost (D:8)
  A water moccasin (D:10)
  A soldier ant (D:8)
  3 slaves (D:4)
  8 sky beasts
  4 ice beasts
  3 phantoms
  A black bear (D:7)
  4 ogres
  An eye of draining (D:8)
  A necrophage (D:9)
  6 orc warriors
  A centaur (D:5)
  2 big kobolds
  9 giant frogs
  5 scorpions
  17 killer bees
  An electric eel (D:6)
  5 howler monkeys
  5 wights
  A wasp zombie (D:8)
  10 crimson imps
  9 orc priests
  4 jellies (D:8)
  6 hounds
  8 orc wizards
  A centaur skeleton (D:9)
  2 giant frog skeletons (D:4)
  5 iguanas
  3 worker ants
  3 hound zombies
  7 gnolls
  A river rat (D:5)
  13 adders
  3 shadow imps
  6 oozes
  An adder zombie (D:5)
  2 dart slugs
  4 worms
  3 giant geckos
  27 orcs
  4 ball pythons
  8 giant cockroaches
  8 goblins
  9 hobgoblins
  16 jackals
  7 quokkas
  19 bats
  A giant gecko zombie (D:5)
  9 giant newts
  2 jackal zombies
  18 kobolds
  A quokka zombie (D:8)
  8 rats
318 creatures vanquished.

Vanquished Creatures (others)
  A water moccasin (D:6)
  A slave (D:4)
  A hound (D:4)
  A quokka (D:4)
4 creatures vanquished.

Grand Total: 322 creatures vanquished

Notes
Turn   | Place    | Note
--------------------------------------------------------------
     0 | D:1      | Kidiri the Deep Elf Fire Elementalist began the quest for the Orb.
     0 | D:1      | Reached XP level 1. HP: 10/10 MP: 6/6
   381 | D:1      | Reached XP level 2. HP: 15/15 MP: 2/8
   385 | D:1      | Learned a level 2 spell: Throw Flame
   788 | D:1      | Reached XP level 3. HP: 13/19 MP: 7/10
   793 | D:1      | Learned a level 3 spell: Conjure Flame
   797 | D:1      | Learned a level 3 spell: Inner Flame
   880 | D:1      | Reached skill level 4 in Spellcasting
  1091 | D:2      | Found an ancient bone altar of Kikubaaqudgha.
  1091 | D:2      | Found a glowing golden altar of the Shining One.
  1091 | D:2      | Found a shadowy altar of Dithmenos.
  1091 | D:2      | Found an oddly glowing altar of Pakellas.
  1091 | D:2      | Found a stormy altar of Qazlal.
  1091 | D:2      | Found a hide-covered altar of Uskayaw.
  1091 | D:2      | Found a sparkling altar of Nemelex Xobeh.
  1097 | D:2      | Found a radiant altar of Vehumet.
  1116 | D:2      | Became a worshipper of Vehumet
  1603 | D:2      | Reached XP level 4. HP: 24/24 MP: 4/12
  1763 | D:2      | Reached * piety under Vehumet
  1763 | D:2      | Offered knowledge of Magic Dart by Vehumet.
  2304 | D:3      | Found a glowing silver altar of Zin.
  2304 | D:3      | Found a white marble altar of Elyvilon.
  3090 | D:3      | Reached XP level 5. HP: 28/28 MP: 14/14
  3096 | D:3      | Learned a level 4 spell: Sticky Flame
  3266 | D:4      | Reached skill level 5 in Spellcasting
  3335 | D:4      | Noticed a slave
  3336 | D:4      | Noticed a slave
  3355 | D:4      | Noticed a slave
  3360 | D:4      | Killed a slave
  3360 | D:4      | Killed a slave
  3360 | D:4      | Killed a slave
  3362 | D:4      | Noticed Pikel
  3371 | D:4      | Noticed a slave
  3382 | D:4      | Killed Pikel
  3382 | D:4      | Reached skill level 6 in Spellcasting
  3382 | D:4      | Reached skill level 5 in Fire Magic
  3382 | D:4      | Reached XP level 6. HP: 30/32 MP: 0/17
  3382 | D:4      | Reached XP level 7. HP: 33/36 MP: 0/18
  3389 | D:4      | Learned a level 5 spell: Fireball
  3720 | D:4      | Reached ** piety under Vehumet
  3720 | D:4      | Offered knowledge of Searing Ray by Vehumet.
  3856 | D:4      | Reached skill level 5 in Conjurations
  4185 | D:5      | Entered Level 5 of the Dungeon
  4185 | D:5      | Noticed Prince Ribbit
  4190 | D:5      | Killed Prince Ribbit
  4190 | D:5      | Reached skill level 1 in Fighting
  4190 | D:5      | Reached skill level 1 in Short Blades
  4190 | D:5      | Reached skill level 7 in Spellcasting
  4190 | D:5      | Reached skill level 1 in Evocations
  4193 | D:5      | Reached XP level 8. HP: 37/43 MP: 4/20
  4279 | D:5      | Reached skill level 1 in Armour
  4387 | D:5      | Found a glowing drain.
  4451 | Sewer    | Entered a sewer
  4571 | Sewer    | Offered knowledge of Dazzling Spray by Vehumet.
  5535 | D:5      | Noticed Eustachio
  5543 | D:5      | Killed Eustachio
  5637 | D:5      | Found Ereu's Antique Armour Shoppe.
  5647 | D:5      | Reached skill level 8 in Spellcasting
  5660 | D:5      | Reached *** piety under Vehumet
  6315 | D:6      | Gained mutation: Scrolls take you a little longer to read. [potion of mutation]
  6315 | D:6      | Gained mutation: You are partially covered in thin metallic scales. (AC +2) [potion of mutation]
  6315 | D:6      | Gained mutation: You are occasionally teleported next to monsters. [potion of mutation]
  6316 | D:6      | Gained mutation: You are clumsy. (Dex -2) [potion of mutation]
  6316 | D:6      | Gained mutation: You are partially covered in large bone plates. (AC +2, SH +2) [potion of mutation]
  6347 | D:6      | Reached XP level 9. HP: 48/48 MP: 19/23
  6622 | D:6      | Found a staircase to the Ecumenical Temple.
  7397 | D:6      | Found a shattered altar of Ashenzari.
  7501 | D:6      | Gained mutation: Your flesh is heat resistant. (rF+) [mutagenic meat]
  7503 | D:6      | Lost mutation: Your flesh is heat resistant. (rF+) [mutagenic meat]
  7504 | D:6      | Gained mutation: You are very clumsy. (Dex -4) [mutagenic meat]
  7505 | D:6      | Gained mutation: Your flesh is heat resistant. (rF+) [mutagenic meat]
  7655 | Temple   | Entered the Ecumenical Temple
  8147 | D:7      | Gained mutation: You have sharp fingernails. [mutagenic meat]
  8149 | D:7      | Gained mutation: You have large cloven feet. [mutagenic meat]
  8152 | D:7      | Gained mutation: You are partially covered in rough black scales. (AC +4, Dex -1) [mutagenic meat]
  8187 | D:7      | Reached skill level 9 in Spellcasting
  8240 | D:7      | Offered knowledge of Stone Arrow by Vehumet.
  8363 | D:7      | Learned a level 3 spell: Stone Arrow
  8484 | D:7      | Gained mutation: You are weak. (Str -2) [mutagenic meat]
  8486 | D:7      | Gained mutation: You passively map a small area around you. [mutagenic meat]
  8487 | D:7      | Lost mutation: You have sharp fingernails. [mutagenic meat]
  8488 | D:7      | Gained mutation: Potions and wands are less effective at restoring your health. [mutagenic meat]
  8954 | D:8      | Reached XP level 10. HP: 52/54 MP: 19/25
  9100 | D:8      | Reached **** piety under Vehumet
  9100 | D:8      | Reached skill level 1 in Earth Magic
  9459 | D:8      | Offered knowledge of Ignite Poison by Vehumet.
  9498 | D:8      | Learned a level 3 spell: Ignite Poison
  9510 | D:8      | Reached skill level 1 in Shields
  9528 | D:8      | Noticed a hill giant
  9542 | D:8      | Killed a hill giant
  9667 | D:8      | Reached skill level 10 in Spellcasting
  9725 | D:8      | Reached skill level 5 in Dodging
  9863 | D:8      | Found a glowing golden altar of the Shining One.
  9956 | D:8      | Reached ***** piety under Vehumet
  9956 | D:8      | Offered knowledge of Bolt of Fire by Vehumet.
 10742 | D:9      | Found a staircase to the Orcish Mines.
 11162 | D:9      | Found a sacrificial altar of Ru.
 11248 | D:9      | Noticed simok's ghost (journeyman FoMo)
 11492 | D:9      | Killed simok's ghost
 11492 | D:9      | Reached XP level 11. HP: 37/60 MP: 5/27
 11500 | D:9      | Learned a level 6 spell: Bolt of Fire
 11817 | D:9      | Lost mutation: You are partially covered in large bone plates. (AC +2, SH +2) [mutagenic meat]
 11818 | D:9      | Gained mutation: You have a beak for a mouth. [mutagenic meat]
 12343 | D:9      | Lost mutation: Scrolls take you a little longer to read. [mutagenic meat]
 12608 | D:10     | Entered Level 10 of the Dungeon
 12690 | D:10     | Noticed Erolcha
 12712 | D:10     | Killed Erolcha
 12712 | D:10     | Slain by a giant frog

Vault maps used:
D:1:      dpeg_arrival_pond, roderic_greek_sauvastika
D:2:      minmay_door_path, grunt_temple_overflow_open
D:3:      wad_crossroads, gammafunk_temple_overflow_statue
D:4:      uniq_pikel
D:5:      serial_shops, shop_fountains, portal_sewer_entry_a, first_bread,
          uniq_eustachio, uniq_prince_ribbit1
D:6:      marbit_many_paths, temple_pool_a, roderic_roman_lattice,
          nicolae_lava_and_water
D:8:      minmay_quarter_circles, basic_altar, david_nohive_1
D:9:      kennysheep_six_static_rooms, serial_column_ruins,
          column_ruins_temple_circle, column_ruins_columns_straight,
          column_ruins_columns_straight, column_ruins_columns_straight,
          column_ruins_open_small, column_ruins_open_small, grunt_decor_cap,
          minmay_misc_feat_tower
D:10:     nicolae_wwwww, uniq_erolcha
Temple:   triangle_lava_temple_10
Sewer:    sewer_fruit_machine

Skill      XL: |  1  2  3  4  5  6  7  8  9 10 11 |
---------------+----------------------------------+-----
Conjurations   | 2 3 4 5 6 7 8 |  8.6
Spellcasting   | 4 6 7 8 9 10 | 10.9
Fire Magic     | 4 5 6 7 8 9 |  9.8
Fighting       | 1 2 3 |  3.7
Short Blades   | 1 2 3 4 |  4.7
Evocations     | 1 2 3 4 |  4.6
Armour         | 1 2 3 |  3.5
Dodging        | 3 4 5 |  5.9
Earth Magic    | 2 |  2.9
Shields        | 1 2 |  2.1
Stealth        | |  2.4

Action                   |  1- 3 |  4- 6 |  7- 9 | 10-12 || total
-------------------------+-------+-------+-------+-------++-------
Melee: Dagger            |    15 |     4 |   253 |   121 ||   393
       Rapier            |       |       |       |    18 ||    18
       Peck              |       |       |       |     2 ||     2
 Cast: Flame Tongue      |    53 |    49 |   154 |   236 ||   492
       Throw Flame       |    21 |    22 |    74 |    41 ||   158
       Sticky Flame      |       |     2 |    19 |    28 ||    49
       Inner Flame       |       |     1 |     5 |     3 ||     9
       Conjure Flame     |       |     1 |     3 |     4 ||     8
       Fireball          |       |       |     2 |       ||     2
       Stone Arrow       |       |       |       |    17 ||    17
 Abil: Evoke Flight      |       |       |     3 |       ||     3
Evoke: Wand              |       |       |       |    28 ||    28
  Use: Scroll            |       |     9 |    11 |     2 ||    22
       Potion            |       |       |     2 |     4 ||     6
 Stab: Sleeping          |       |       |     2 |       ||     2
  Eat: Chunk             |     2 |     6 |    29 |     9 ||    46
       Meat ration       |       |       |     2 |     1 ||     3
       Beef jerky        |       |       |     1 |       ||     1
Armor: Robe              |     7 |     9 |    99 |   104 ||   219
       Skin              |       |       |       |     2 ||     2
Dodge: Dodged            |    24 |    24 |   177 |   158 ||   383
Block: Other             |       |       |     8 |    10 ||    18
       Buckler           |       |       |       |    10 ||    10
